Anaheim Ducks vs Detroit Red Wings
Created - Friday, March 8, 2024 at 08:08
Goals
|
| Anaheim Ducks |
2 |
1 |
2 |
5 |
| Detroit Red Wings |
1 |
2 |
0 |
3 |
|
Shots
|
| Anaheim Ducks |
8 |
14 |
10 |
32 |
| Detroit Red Wings |
10 |
16 |
8 |
34 |
|
1st period
1. Anaheim Ducks , Mark Scheifele 14 (John Tavares 21, Esa Lindell 6) at 1:15
2. Anaheim Ducks , Teuvo Teravainen 5 (J.T. Compher 8, Brenden Dillon 6) at 14:14
3. Detroit Red Wings , Patrick Kane 9 (Steven Stamkos 13) at 16:38 (PP)
Penalties :
Kevin Shattenkirk (DET) for Goalie Interference (Minor) at 11:24, Mark Scheifele (ANA) for Roughing (Minor) at 16:35, Patrick Kane (DET) for Holding (Minor) at 17:36
2nd period
4. Anaheim Ducks , Chandler Stephenson 7 (Alex Killorn 6) at 3:19
5. Detroit Red Wings , Jared McCann 8 (Daniel Sprong 12, Jordie Benn 4) at 4:33
6. Detroit Red Wings , Patrick Kane 10 (Steven Stamkos 14) at 16:56
Penalties :
No Penalty
3rd period
7. Anaheim Ducks , J.T. Compher 3 (Teuvo Teravainen 7, Brayden Schenn 6) at 4:32
8. Anaheim Ducks , Alex Killorn 8 (Chandler Stephenson 9, Teuvo Teravainen 8) at 19:38 (Empty Net)
Penalties :
Mark Scheifele (ANA) for Hooking (Minor) at 5:50, Zach Bogosian (DET) for Hooking (Minor) at 12:07, Josh Manson (ANA) for Roughing (Minor) at 16:26
Goalie Stats
Linus Ullmark (ANA), 31 saves from 34 shots - (0.912), W, 14-9-0, 60:00 minutes
Vitek Vanecek (DET), 27 saves from 31 shots - (0.871), L, 12-6-3, 59:18 minutes
Players Stats for Anaheim Ducks
Player Name G A P +/- PIM S H SB GA TA FO MP PP MP PK MP
------------------------------------------------------------------------------------
Alex Killorn 1 1 2 1 0 1 1 1 0 0 2/2 18:44 2:48 2:00
Brayden Schenn 0 1 1 2 0 3 4 0 1 0 0/0 10:19 0:00 0:39
Brenden Dillon 0 1 1 1 0 0 0 1 0 1 0/0 17:00 0:00 1:51
Calle Jarnkrok 0 0 0 0 0 3 1 0 0 0 0/0 8:06 0:00 0:00
Chandler Stephenson 1 1 2 1 0 2 0 0 1 0 7/18 18:44 2:48 2:00
Esa Lindell 0 1 1 4 0 3 1 0 1 3 0/0 21:08 0:00 2:14
Ivan Provorov 0 0 0 4 0 1 0 2 0 0 0/0 22:10 2:25 1:47
J.T. Compher 1 1 2 2 0 1 1 0 0 1 2/7 10:58 0:00 1:22
John Tavares 0 1 1 0 0 3 3 0 0 0 15/25 21:29 3:09 0:00
Josh Manson 0 0 0 1 2 1 2 1 2 0 0/0 18:41 2:25 0:47
Joshua Morrissey 0 0 0 -2 0 0 0 2 0 2 0/0 19:34 3:32 0:16
Mark Scheifele 1 0 1 0 4 3 1 0 1 0 0/2 21:27 3:09 0:00
Mason Marchment 0 0 0 0 0 3 0 0 0 1 0/0 8:06 0:00 0:00
Max Domi 0 0 0 0 0 1 3 0 2 0 0/1 16:35 2:48 0:39
Morgan Rielly 0 0 0 -2 0 1 2 2 0 1 0/0 21:30 3:32 1:07
Nazem Kadri 0 0 0 0 0 1 1 0 0 1 1/5 8:06 0:00 0:00
Teuvo Teravainen 1 2 3 3 0 2 0 0 0 1 0/0 11:50 0:00 1:22
William Nylander 0 0 0 0 0 3 1 2 1 0 0/1 21:29 3:09 0:00
Players Stats for Detroit Red Wings
Player Name G A P +/- PIM S H SB GA TA FO MP PP MP PK MP
------------------------------------------------------------------------------------
Alexander Barabanov 0 0 0 -1 0 1 2 0 0 0 1/2 17:13 0:17 0:00
Anthony Cirelli 0 0 0 -1 0 1 0 0 0 0 6/7 14:45 0:00 2:52
Arthur Kaliyev 0 0 0 0 0 0 0 0 1 0 0/0 8:28 1:56 0:00
Carter Verhaeghe 0 0 0 -1 0 5 0 0 1 1 1/2 16:24 2:05 0:00
Daniel Sprong 0 1 1 -1 0 3 0 0 0 1 0/0 14:31 2:07 0:04
Jared McCann 1 0 1 -1 0 4 2 0 1 0 0/1 14:45 0:00 2:52
Jonathan Huberdeau 0 0 0 0 0 0 0 0 2 0 0/0 6:28 0:00 0:00
Jordie Benn 0 1 1 -2 0 3 4 3 0 2 0/0 19:11 0:00 2:51
Josh Bailey 0 0 0 0 0 0 1 0 0 0 2/3 10:33 0:26 3:01
Kevin Shattenkirk 0 0 0 0 2 2 0 0 1 2 0/0 24:52 2:03 1:51
MacKenzie Weegar 0 0 0 0 0 0 3 0 0 0 0/0 26:19 2:03 2:51
Matthew Boldy 0 0 0 -1 0 2 0 0 0 1 0/3 16:24 2:05 0:00
Mika Zibanejad 0 0 0 -1 0 3 2 0 1 1 7/17 19:48 2:05 3:02
Patrick Kane 2 0 2 -1 2 8 1 0 2 0 0/0 18:24 1:30 0:00
Philippe Myers 0 0 0 -1 0 0 1 1 0 0 0/0 13:35 0:00 0:51
Shayne Gostisbehere 0 0 0 -2 0 0 0 1 0 0 0/0 20:57 1:58 3:06
Steven Stamkos 0 2 2 -1 0 1 2 0 2 1 17/26 18:15 1:30 0:03
Zach Bogosian 0 0 0 -1 2 1 1 1 0 0 0/0 13:08 0:00 0:24
3 Stars
1 - Teuvo Teravainen (ANA)
2 - J.T. Compher (ANA)
3 - Alex Killorn (ANA)
Power Play
Anaheim Ducks - 0 on 3 Attempt(s) - 0.00%
Detroit Red Wings - 1 on 3 Attempt(s) - 33.33%
Penalty Kill
Anaheim Ducks - 2 on 3 Attempt(s) - 66.67%
- Score 0 goal in Penalty Kill
Detroit Red Wings - 3 on 3 Attempt(s) - 100.00%
- Score 0 goal in Penalty Kill
Team Stat
Anaheim Ducks - Hits : 21 - Faceoff Wins : 27 - Blocked Shots : 11 - Penalty Minutes : 6
Detroit Red Wings - Hits : 19 - Faceoff Wins : 34 - Blocked Shots : 6 - Penalty Minutes : 6
Official
Referees : Unknown
Linesman : Unknown
Game Notes
Alex Killorn has scored in a empty net!
Finance
Level 1 -- Attendance: 4417 (73.62%) -- Ticket Income $441,700
Level 2 -- Attendance: 3521 (70.42%) -- Ticket Income $211,260
Level 3 -- Attendance: 2416 (80.53%) -- Ticket Income $84,560
Level 4 -- Attendance: 4120 (82.40%) -- Ticket Income $103,000
Luxury Box -- Attendance: 826 (82.60%) -- Ticket Income $165,200
Game was played at the Joe Louis Arena.
Total Attendance: 15300 (76.50%)
Total Ticket Income: $1,005,720
Other Income: $352,002
Total Income: $1,357,722
Anaheim Ducks
5 vs 5 Forward
Center Left Wing Right Wing Time % Phy DF OF
1 John Tavares William Nylander Mark Scheifele 40 1 1 3
2 Chandler Stephenson Max Domi Alex Killorn 30 1 2 2
3 J.T. Compher Teuvo Teravainen Brayden Schenn 20 1 2 2
4 Nazem Kadri Mason Marchment Calle Jarnkrok 10 1 2 2
5 vs 5 Defense
Defense Defense Time % Phy DF OF
1 Morgan Rielly Joshua Morrissey 35 1 2 2
2 Ivan Provorov Esa Lindell 35 1 2 2
3 Brenden Dillon Josh Manson 30 1 2 2
4 Morgan Rielly Esa Lindell 0 1 2 2
PowerPlay Forward
Center Left Wing Right Wing Time % Phy DF OF
1 John Tavares William Nylander Mark Scheifele 60 1 1 3
2 Chandler Stephenson Max Domi Alex Killorn 40 0 1 4
PowerPlay Defense
Defense Defense Time % Phy DF OF
1 Morgan Rielly Joshua Morrissey 60 1 2 2
2 Josh Manson Ivan Provorov 40 1 2 2
Penalty Kill 4 Players Forward
Center Wing Time % Phy DF OF
1 Chandler Stephenson Alex Killorn 55 1 3 1
2 J.T. Compher Teuvo Teravainen 45 1 3 1
Penalty Kill 4 Players Defense
Defense Defense Time % Phy DF OF
1 Esa Lindell Brenden Dillon 50 1 3 1
2 Ivan Provorov Josh Manson 50 1 3 1
Penalty Kill - 3 Players Forward
Forward Time % Phy DF OF
1 Alex Killorn 50 1 3 1
2 Chandler Stephenson 50 1 3 1
Penalty Kill - 3 Players Defense
Defense Defense Time % Phy DF OF
1 Esa Lindell Brenden Dillon 50 1 3 1
2 Josh Manson Ivan Provorov 50 1 3 1
4 vs 4 Forward
Center Wing Time % Phy DF OF
1 John Tavares William Nylander 60 1 2 2
2 Chandler Stephenson Mark Scheifele 40 1 2 2
4 vs 4 Defense
Defense Defense Time % Phy DF OF
1 Esa Lindell Morgan Rielly 50 1 2 2
2 Ivan Provorov Brenden Dillon 50 1 2 2
Last Minutes Offensive
Center Left Wing Right Wing Defense Defense
John Tavares William Nylander Mark Scheifele Morgan Rielly Joshua Morrissey
Last Minutes Defensive
Center Left Wing Right Wing Defense Defense
Chandler Stephenson Alex Killorn Teuvo Teravainen Ivan Provorov Esa Lindell
Goaltenders
Starting : Linus Ullmark
Backup : James Reimer
Extra Forwards
Normal : William Nylander, John Tavares, Mark Scheifele - PP : John Tavares, Mark Scheifele - PK : Alex Killorn
Extra Defensemen
Normal : Esa Lindell, Morgan Rielly, Joshua Morrissey - PP : Joshua Morrissey - PK : Esa Lindell, Morgan Rielly
Penalty Shots
William Nylander, Teuvo Teravainen, Mark Scheifele, Calle Jarnkrok, Alex Killorn
Detroit Red Wings
5 vs 5 Forward
Center Left Wing Right Wing Time % Phy DF OF
1 Steven Stamkos Alexander Barabanov Patrick Kane 35 0 1 4
2 Mika Zibanejad Carter Verhaeghe Matthew Boldy 30 1 2 2
3 Anthony Cirelli Jared McCann Daniel Sprong 25 1 2 2
4 Josh Bailey Jonathan Huberdeau Arthur Kaliyev 10 1 2 2
5 vs 5 Defense
Defense Defense Time % Phy DF OF
1 Kevin Shattenkirk MacKenzie Weegar 40 1 2 2
2 Jordie Benn Shayne Gostisbehere 30 1 2 2
3 Zach Bogosian Philippe Myers 20 3 1 1
4 Kevin Shattenkirk MacKenzie Weegar 10 1 2 2
PowerPlay Forward
Center Left Wing Right Wing Time % Phy DF OF
1 Steven Stamkos Arthur Kaliyev Patrick Kane 50 0 1 4
2 Mika Zibanejad Carter Verhaeghe Matthew Boldy 50 0 1 4
PowerPlay Defense
Defense Defense Time % Phy DF OF
1 Kevin Shattenkirk MacKenzie Weegar 50 1 2 2
2 Shayne Gostisbehere Daniel Sprong 50 1 2 2
Penalty Kill 4 Players Forward
Center Wing Time % Phy DF OF
1 Anthony Cirelli Jared McCann 50 2 2 1
2 Mika Zibanejad Josh Bailey 50 2 2 1
Penalty Kill 4 Players Defense
Defense Defense Time % Phy DF OF
1 Jordie Benn MacKenzie Weegar 50 2 2 1
2 Kevin Shattenkirk Shayne Gostisbehere 50 2 2 1
Penalty Kill - 3 Players Forward
Forward Time % Phy DF OF
1 Mika Zibanejad 50 1 2 2
2 Anthony Cirelli 50 1 2 2
Penalty Kill - 3 Players Defense
Defense Defense Time % Phy DF OF
1 Jordie Benn MacKenzie Weegar 50 1 2 2
2 Kevin Shattenkirk Shayne Gostisbehere 50 2 2 1
4 vs 4 Forward
Center Wing Time % Phy DF OF
1 Mika Zibanejad Carter Verhaeghe 60 1 2 2
2 Steven Stamkos Matthew Boldy 40 1 1 3
4 vs 4 Defense
Defense Defense Time % Phy DF OF
1 Kevin Shattenkirk MacKenzie Weegar 60 1 2 2
2 Jordie Benn Shayne Gostisbehere 40 1 2 2
Last Minutes Offensive
Center Left Wing Right Wing Defense Defense
Mika Zibanejad Carter Verhaeghe Matthew Boldy Kevin Shattenkirk MacKenzie Weegar
Last Minutes Defensive
Center Left Wing Right Wing Defense Defense
Mika Zibanejad Carter Verhaeghe Matthew Boldy Kevin Shattenkirk MacKenzie Weegar
Goaltenders
Starting : Vitek Vanecek
Backup : Carey Price
Extra Forwards
Normal : Josh Bailey, Daniel Sprong, Arthur Kaliyev - PP : Josh Bailey, Arthur Kaliyev - PK : Jared McCann
Extra Defensemen
Normal : Philippe Myers, Jordie Benn, Shayne Gostisbehere - PP : Kevin Shattenkirk - PK : Philippe Myers, MacKenzie Weegar
Penalty Shots
Mika Zibanejad, Steven Stamkos, Matthew Boldy, Carter Verhaeghe, Jared McCann
% Time on Ice - Anaheim Ducks
Lines # - Real PCT - Wanted PCT - Time Play
Normal Forward
1 - 37% - 40% - 18:24
2 - 27% - 30% - 13:04
3 - 20% - 20% - 9:36
4 - 16% - 10% - 8:06
Normal Defense
1 - 33% - 35% - 16:26
2 - 36% - 35% - 17:32
3 - 30% - 30% - 14:47
4 - 1% - 0% - 0:25
PP Forward
1 - 53% - 60% - 3:09
2 - 47% - 40% - 2:48
PP Defense
1 - 59% - 60% - 3:32
2 - 41% - 40% - 2:25
PK Forward
1 - 66% - 55% - 2:39
2 - 34% - 45% - 1:22
PK Defense
1 - 49% - 50% - 1:58
2 - 51% - 50% - 2:03
PK3 Forward
1 - 0% - 50%
2 - 0% - 50%
PK3 Defense
1 - 0% - 50%
2 - 0% - 50%
44 Forward
1 - 0% - 60%
2 - 0% - 40%
44 Defense
1 - 0% - 50%
2 - 0% - 50%
Last Minute Offensive - 0:00
Last Minute Defensive - 0:52
Total
Forward - 60:00
Defense - 60:00
|
% Time on Ice - Detroit Red Wings
Lines # - Real PCT - Wanted PCT - Time Play
Normal Forward
1 - 34% - 35% - 16:55
2 - 29% - 30% - 14:07
3 - 24% - 25% - 11:40
4 - 13% - 10% - 6:28
Normal Defense
1 - 37% - 40% - 18:08
2 - 32% - 30% - 15:53
3 - 26% - 20% - 12:44
4 - 5% - 10% - 2:25
PP Forward
1 - 48% - 50% - 1:56
2 - 52% - 50% - 2:05
PP Defense
1 - 51% - 50% - 2:03
2 - 49% - 50% - 1:58
PK Forward
1 - 49% - 50% - 2:55
2 - 51% - 50% - 3:02
PK Defense
1 - 48% - 50% - 2:51
2 - 52% - 50% - 3:06
PK3 Forward
1 - 0% - 50%
2 - 0% - 50%
PK3 Defense
1 - 0% - 50%
2 - 0% - 50%
44 Forward
1 - 0% - 60%
2 - 0% - 40%
44 Defense
1 - 0% - 60%
2 - 0% - 40%
Last Minute Offensive - 0:52
Last Minute Defensive - 0:00
Total
Forward - 60:00
Defense - 60:00
|
Play-by-Play
1st period
0:01 of 1st period - Steven Stamkos wins face-off versus John Tavares in neutral zone.
0:08 of 1st period - Wrist shot by Steven Stamkos.
0:08 of 1st period - Shot Blocked by William Nylander.
0:10 of 1st period - Wrist shot by Alexander Barabanov.
0:10 of 1st period - Shot Blocked by William Nylander.
0:12 of 1st period - Slapshot by Kevin Shattenkirk.
0:12 of 1st period - Shot Blocked by Morgan Rielly.
0:14 of 1st period - Slapshot by Kevin Shattenkirk.
0:14 of 1st period - Deflect By John Tavares.
0:14 of 1st period - Stopped by Linus Ullmark with a rebound.
0:16 of 1st period - Wrist shot by Steven Stamkos.
0:16 of 1st period - Shot Misses the Net.
0:37 of 1st period - Snap shot by Mika Zibanejad.
0:37 of 1st period - Shot Misses the Net.
1:15 of 1st period - Slapshot by Mark Scheifele.
1:15 of 1st period - Goal by Mark Scheifele - Anaheim Ducks : 1 - Detroit Red Wings : 0.
1:16 of 1st period - Josh Bailey wins face-off versus Nazem Kadri in neutral zone.
1:42 of 1st period - Brenden Dillon is hit by Zach Bogosian and loses puck.
1:51 of 1st period - Wrist shot by John Tavares.
1:51 of 1st period - Shot Blocked by Philippe Myers.
1:53 of 1st period - Snap shot by William Nylander.
1:53 of 1st period - Shot Misses the Net.
2:49 of 1st period - Snap shot by Mark Scheifele.
2:49 of 1st period - Stopped by Vitek Vanecek without a rebound.
2:50 of 1st period - Steven Stamkos wins face-off versus John Tavares in Detroit Red Wings zone.
3:19 of 1st period - Esa Lindell is hit by Jordie Benn and loses puck.
3:32 of 1st period - Snap shot by William Nylander.
3:32 of 1st period - Shot Misses the Net.
3:34 of 1st period - Snap shot by Mark Scheifele.
3:34 of 1st period - Shot Misses the Net.
3:36 of 1st period - Wrist shot by William Nylander.
3:36 of 1st period - Shot Misses the Net.
3:40 of 1st period - Slapshot by William Nylander.
3:40 of 1st period - Shot Blocked by Jordie Benn.
3:42 of 1st period - Slapshot by Esa Lindell.
3:42 of 1st period - Stopped by Vitek Vanecek without a rebound.
3:43 of 1st period - Mika Zibanejad wins face-off versus Chandler Stephenson in Detroit Red Wings zone.
4:00 of 1st period - Snap shot by Carter Verhaeghe.
4:00 of 1st period - Shot Blocked by Brenden Dillon.
4:10 of 1st period - Anthony Cirelli is hit by Josh Manson and loses puck.
4:17 of 1st period - Wrist shot by Brayden Schenn.
4:17 of 1st period - Stopped by Vitek Vanecek without a rebound.
4:18 of 1st period - Josh Bailey wins face-off versus Nazem Kadri in Detroit Red Wings zone.
4:18 of 1st period - Josh Bailey is hit by Nazem Kadri.
4:57 of 1st period - Snap shot by Carter Verhaeghe.
4:57 of 1st period - Stopped by Linus Ullmark with a rebound.
5:09 of 1st period - MacKenzie Weegar is hit by John Tavares and loses puck.
5:16 of 1st period - Snap shot by Jared McCann.
5:16 of 1st period - Stopped by Linus Ullmark with a rebound.
5:52 of 1st period - Mason Marchment is hit by Josh Bailey and loses puck.
6:15 of 1st period - Wrist shot by Carter Verhaeghe.
6:15 of 1st period - Shot Misses the Net.
6:17 of 1st period - Snap shot by Mika Zibanejad.
6:17 of 1st period - Shot Misses the Net.
6:19 of 1st period - Wrist shot by Mika Zibanejad.
6:19 of 1st period - Shot Misses the Net.
6:35 of 1st period - Snap shot by Jared McCann.
6:35 of 1st period - Shot Blocked by Ivan Provorov.
6:37 of 1st period - Slapshot by MacKenzie Weegar.
6:37 of 1st period - Shot Misses the Net.
6:39 of 1st period - Snap shot by Jared McCann.
6:39 of 1st period - Shot Misses the Net.
7:24 of 1st period - Wrist shot by Mika Zibanejad.
7:24 of 1st period - Stopped by Linus Ullmark with a rebound.
7:36 of 1st period - Josh Bailey is hit by Brayden Schenn and loses puck.
8:26 of 1st period - Wrist shot by Daniel Sprong.
8:26 of 1st period - Stopped by Linus Ullmark with a rebound.
9:32 of 1st period - Wrist shot by Teuvo Teravainen.
9:32 of 1st period - Shot Misses the Net.
9:38 of 1st period - J.T. Compher is hit by Philippe Myers and loses puck.
9:55 of 1st period - Wrist shot by Mika Zibanejad.
9:55 of 1st period - Shot Blocked by Josh Manson.
10:01 of 1st period - Jordie Benn is hit by Josh Manson and loses puck.
10:38 of 1st period - Snap shot by Daniel Sprong.
10:38 of 1st period - Shot Misses the Net.
10:40 of 1st period - Slapshot by Jared McCann.
10:40 of 1st period - Stopped by Linus Ullmark without a rebound.
10:41 of 1st period - Alexander Barabanov wins face-off versus Chandler Stephenson in Anaheim Ducks zone.
11:15 of 1st period - MacKenzie Weegar is hit by Morgan Rielly and loses puck.
11:24 of 1st period - Minor Penalty to Kevin Shattenkirk for Goalie Interference.
11:25 of 1st period - Anthony Cirelli wins face-off versus John Tavares in Detroit Red Wings zone.
12:15 of 1st period - William Nylander is hit by Jordie Benn and loses puck.
13:24 of 1st period - Penalty to Kevin Shattenkirk is over, Kevin Shattenkirk is back on ice.
13:58 of 1st period - Snap shot by Calle Jarnkrok.
13:58 of 1st period - Stopped by Vitek Vanecek without a rebound.
13:59 of 1st period - Steven Stamkos wins face-off versus J.T. Compher in Detroit Red Wings zone.
14:14 of 1st period - Snap shot by Teuvo Teravainen.
14:14 of 1st period - Goal by Teuvo Teravainen - Anaheim Ducks : 2 - Detroit Red Wings : 0.
14:15 of 1st period - Steven Stamkos wins face-off versus John Tavares in neutral zone.
14:48 of 1st period - Slapshot by Mark Scheifele.
14:48 of 1st period - Shot Misses the Net.
15:08 of 1st period - Snap shot by William Nylander.
15:08 of 1st period - Shot Blocked by Jordie Benn.
15:10 of 1st period - Slapshot by Ivan Provorov.
15:10 of 1st period - Shot Misses the Net.
15:12 of 1st period - Snap shot by Esa Lindell.
15:12 of 1st period - Stopped by Vitek Vanecek without a rebound.
15:13 of 1st period - Steven Stamkos wins face-off versus Max Domi in Detroit Red Wings zone.
15:18 of 1st period - Morgan Rielly is hit by Steven Stamkos and loses puck.
15:25 of 1st period - Kevin Shattenkirk is hit by Morgan Rielly and loses puck.
15:40 of 1st period - J.T. Compher is hit by MacKenzie Weegar and loses puck.
16:28 of 1st period - Snap shot by Carter Verhaeghe.
16:28 of 1st period - Shot Blocked by Alex Killorn.
16:30 of 1st period - Wrist shot by Kevin Shattenkirk.
16:30 of 1st period - Stopped by Linus Ullmark without a rebound.
16:31 of 1st period - Mika Zibanejad wins face-off versus John Tavares in Anaheim Ducks zone.
16:35 of 1st period - Minor Penalty to Mark Scheifele for Roughing.
16:36 of 1st period - Steven Stamkos wins face-off versus Chandler Stephenson in Anaheim Ducks zone.
16:36 of 1st period - Wrist shot by Patrick Kane.
16:36 of 1st period - Stopped by Linus Ullmark with a rebound.
16:38 of 1st period - Slapshot by Patrick Kane.
16:38 of 1st period - Goal by Patrick Kane - Anaheim Ducks : 2 - Detroit Red Wings : 1.
16:39 of 1st period - Steven Stamkos wins face-off versus John Tavares in neutral zone.
16:44 of 1st period - Snap shot by Steven Stamkos.
16:44 of 1st period - Stopped by Linus Ullmark with a rebound.
16:49 of 1st period - Icing by Mark Scheifele.
16:50 of 1st period - John Tavares wins face-off versus Steven Stamkos in Anaheim Ducks zone.
17:25 of 1st period - Off-side.
17:26 of 1st period - John Tavares wins face-off versus Steven Stamkos in neutral zone.
17:36 of 1st period - Minor Penalty to Patrick Kane for Holding.
17:37 of 1st period - John Tavares wins face-off versus Mika Zibanejad in Detroit Red Wings zone.
17:47 of 1st period - Wrist shot by William Nylander.
17:47 of 1st period - Shot Misses the Net.
17:49 of 1st period - Slapshot by Joshua Morrissey.
17:49 of 1st period - Shot Blocked by Jordie Benn.
17:51 of 1st period - Wrist shot by Mark Scheifele.
17:51 of 1st period - Shot Misses the Net.
18:33 of 1st period - Icing by Josh Manson.
18:34 of 1st period - John Tavares wins face-off versus Mika Zibanejad in Anaheim Ducks zone.
19:36 of 1st period - Penalty to Patrick Kane is over, Patrick Kane is back on ice.
19:48 of 1st period - Snap shot by Jared McCann.
19:48 of 1st period - Deflect By Chandler Stephenson.
19:48 of 1st period - Shot Misses the Net.
19:48 of 1st period - Puck is out of play.
19:49 of 1st period - Steven Stamkos wins face-off versus J.T. Compher in Anaheim Ducks zone.
19:58 of 1st period - Snap shot by Brayden Schenn.
19:58 of 1st period - Stopped by Vitek Vanecek without a rebound.
19:59 of 1st period - J.T. Compher wins face-off versus Steven Stamkos in Detroit Red Wings zone.
Goals for this period are 2 for Anaheim Ducks vs 1 for Detroit Red Wings.
Shots for this period are 8 for Anaheim Ducks vs 10 for Detroit Red Wings.
2nd period
0:01 of 2nd period - John Tavares wins face-off versus Mika Zibanejad in neutral zone.
0:58 of 2nd period - Snap shot by Patrick Kane.
0:58 of 2nd period - Stopped by Linus Ullmark without a rebound.
0:59 of 2nd period - John Tavares wins face-off versus Matthew Boldy in Anaheim Ducks zone.
1:26 of 2nd period - Snap shot by Jared McCann.
1:26 of 2nd period - Stopped by Linus Ullmark with a rebound.
1:28 of 2nd period - Slapshot by Zach Bogosian.
1:28 of 2nd period - Shot Misses the Net.
1:30 of 2nd period - Slapshot by Zach Bogosian.
1:30 of 2nd period - Stopped by Linus Ullmark without a rebound.
1:31 of 2nd period - Anthony Cirelli wins face-off versus Chandler Stephenson in Anaheim Ducks zone.
1:42 of 2nd period - Wrist shot by Daniel Sprong.
1:42 of 2nd period - Stopped by Linus Ullmark with a rebound.
1:56 of 2nd period - Zach Bogosian is hit by Brayden Schenn and loses puck.
2:39 of 2nd period - Mark Scheifele is hit by MacKenzie Weegar and loses puck.
2:46 of 2nd period - John Tavares is hit by Jared McCann and loses puck.
2:55 of 2nd period - Wrist shot by William Nylander.
2:55 of 2nd period - Shot Misses the Net.
2:57 of 2nd period - Wrist shot by Ivan Provorov.
2:57 of 2nd period - Shot Misses the Net.
2:59 of 2nd period - Wrist shot by Ivan Provorov.
2:59 of 2nd period - Stopped by Vitek Vanecek with a rebound.
3:13 of 2nd period - Backhand shot by William Nylander.
3:13 of 2nd period - Shot Misses the Net.
3:15 of 2nd period - Wrist shot by Morgan Rielly.
3:15 of 2nd period - Shot Misses the Net.
3:17 of 2nd period - Slapshot by William Nylander.
3:17 of 2nd period - Deflect By John Tavares.
3:17 of 2nd period - Stopped by Vitek Vanecek without a rebound.
3:18 of 2nd period - Alex Killorn wins face-off versus Steven Stamkos in Detroit Red Wings zone.
3:19 of 2nd period - Slapshot by Chandler Stephenson.
3:19 of 2nd period - Goal by Chandler Stephenson - Anaheim Ducks : 3 - Detroit Red Wings : 1.
3:20 of 2nd period - Steven Stamkos wins face-off versus Chandler Stephenson in neutral zone.
3:35 of 2nd period - Wrist shot by Patrick Kane.
3:35 of 2nd period - Shot Misses the Net.
3:37 of 2nd period - Slapshot by Jordie Benn.
3:37 of 2nd period - Stopped by Linus Ullmark without a rebound.
3:38 of 2nd period - John Tavares wins face-off versus Mika Zibanejad in Anaheim Ducks zone.
3:42 of 2nd period - Off-side.
3:43 of 2nd period - John Tavares wins face-off versus Matthew Boldy in neutral zone.
3:52 of 2nd period - Wrist shot by William Nylander.
3:52 of 2nd period - Shot Misses the Net.
3:54 of 2nd period - Slapshot by Esa Lindell.
3:54 of 2nd period - Stopped by Vitek Vanecek with a rebound.
3:56 of 2nd period - Snap shot by John Tavares.
3:56 of 2nd period - Shot Misses the Net.
3:58 of 2nd period - Wrist shot by William Nylander.
3:58 of 2nd period - Stopped by Vitek Vanecek without a rebound.
3:59 of 2nd period - Steven Stamkos wins face-off versus Chandler Stephenson in Detroit Red Wings zone.
3:59 of 2nd period - Steven Stamkos is hit by Max Domi.
4:25 of 2nd period - Alex Killorn is hit by Jordie Benn.
4:33 of 2nd period - Wrist shot by Jared McCann.
4:33 of 2nd period - Goal by Jared McCann - Anaheim Ducks : 3 - Detroit Red Wings : 2.
4:34 of 2nd period - John Tavares wins face-off versus Mika Zibanejad in neutral zone.
5:00 of 2nd period - Max Domi is hit by Steven Stamkos.
5:04 of 2nd period - Kevin Shattenkirk is hit by Alex Killorn and loses puck.
5:22 of 2nd period - Off-side.
5:23 of 2nd period - Anthony Cirelli wins face-off versus J.T. Compher in neutral zone.
5:34 of 2nd period - Shayne Gostisbehere is hit by Brayden Schenn and loses puck.
5:45 of 2nd period - Snap shot by Brayden Schenn.
5:45 of 2nd period - Stopped by Vitek Vanecek with a rebound.
5:53 of 2nd period - Snap shot by Daniel Sprong.
5:53 of 2nd period - Shot Misses the Net.
6:14 of 2nd period - Snap shot by Jared McCann.
6:14 of 2nd period - Deflect By Morgan Rielly.
6:14 of 2nd period - Shot Blocked by Joshua Morrissey.
6:14 of 2nd period - Puck is out of play.
6:15 of 2nd period - John Tavares wins face-off versus Steven Stamkos in Anaheim Ducks zone.
6:50 of 2nd period - Snap shot by Chandler Stephenson.
6:50 of 2nd period - Stopped by Vitek Vanecek without a rebound.
6:51 of 2nd period - Steven Stamkos wins face-off versus Chandler Stephenson in Detroit Red Wings zone.
6:56 of 2nd period - Ivan Provorov is hit by Jordie Benn and loses puck.
7:23 of 2nd period - Esa Lindell is hit by Mika Zibanejad and loses puck.
8:12 of 2nd period - Slapshot by Mason Marchment.
8:12 of 2nd period - Deflect By Jonathan Huberdeau.
8:12 of 2nd period - Shot Blocked by Zach Bogosian.
8:12 of 2nd period - Puck is out of play.
8:13 of 2nd period - John Tavares wins face-off versus Carter Verhaeghe in Detroit Red Wings zone.
8:30 of 2nd period - Slapshot by Carter Verhaeghe.
8:30 of 2nd period - Stopped by Linus Ullmark without a rebound.
8:31 of 2nd period - Steven Stamkos wins face-off versus Chandler Stephenson in Anaheim Ducks zone.
9:20 of 2nd period - Chandler Stephenson is hit by Mika Zibanejad and loses puck.
10:48 of 2nd period - Snap shot by Mika Zibanejad.
10:48 of 2nd period - Shot Misses the Net.
10:50 of 2nd period - Snap shot by Mika Zibanejad.
10:50 of 2nd period - Shot Misses the Net.
10:52 of 2nd period - Wrist shot by Mika Zibanejad.
10:52 of 2nd period - Stopped by Linus Ullmark without a rebound.
10:53 of 2nd period - Anthony Cirelli wins face-off versus J.T. Compher in Anaheim Ducks zone.
11:02 of 2nd period - Snap shot by Daniel Sprong.
11:02 of 2nd period - Shot Misses the Net.
11:10 of 2nd period - Snap shot by Teuvo Teravainen.
11:10 of 2nd period - Shot Hit the Post.
12:07 of 2nd period - Wrist shot by Patrick Kane.
12:07 of 2nd period - Shot Misses the Net.
12:13 of 2nd period - Snap shot by Patrick Kane.
12:13 of 2nd period - Stopped by Linus Ullmark without a rebound.
12:14 of 2nd period - Mika Zibanejad wins face-off versus Mark Scheifele in Anaheim Ducks zone.
12:31 of 2nd period - Snap shot by Carter Verhaeghe.
12:31 of 2nd period - Shot Misses the Net.
12:41 of 2nd period - Brenden Dillon is hit by Alexander Barabanov and loses puck.
13:02 of 2nd period - Teuvo Teravainen is hit by Jared McCann.
13:46 of 2nd period - Icing by Ivan Provorov.
13:47 of 2nd period - John Tavares wins face-off versus Steven Stamkos in Anaheim Ducks zone.
14:04 of 2nd period - Snap shot by William Nylander.
14:04 of 2nd period - Shot Misses the Net.
14:06 of 2nd period - Slapshot by Mark Scheifele.
14:06 of 2nd period - Shot Misses the Net.
14:08 of 2nd period - Snap shot by John Tavares.
14:08 of 2nd period - Stopped by Vitek Vanecek with a rebound.
14:10 of 2nd period - Slapshot by William Nylander.
14:10 of 2nd period - Stopped by Vitek Vanecek with a rebound.
14:12 of 2nd period - Slapshot by Ivan Provorov.
14:12 of 2nd period - Shot Blocked by Shayne Gostisbehere.
14:14 of 2nd period - Wrist shot by Mark Scheifele.
14:14 of 2nd period - Stopped by Vitek Vanecek without a rebound.
14:15 of 2nd period - Carter Verhaeghe wins face-off versus Chandler Stephenson in Detroit Red Wings zone.
14:32 of 2nd period - Snap shot by Chandler Stephenson.
14:32 of 2nd period - Shot Misses the Net.
14:44 of 2nd period - Slapshot by Kevin Shattenkirk.
14:44 of 2nd period - Shot Misses the Net.
14:46 of 2nd period - Slapshot by Daniel Sprong.
14:46 of 2nd period - Shot Misses the Net.
15:10 of 2nd period - Snap shot by Patrick Kane.
15:10 of 2nd period - Stopped by Linus Ullmark with a rebound.
15:51 of 2nd period - Snap shot by Matthew Boldy.
15:51 of 2nd period - Stopped by Linus Ullmark with a rebound.
15:59 of 2nd period - Matthew Boldy is hit by Calle Jarnkrok and loses puck.
16:10 of 2nd period - Snap shot by Mason Marchment.
16:10 of 2nd period - Stopped by Vitek Vanecek with a rebound.
16:12 of 2nd period - Snap shot by Mason Marchment.
16:12 of 2nd period - Shot Misses the Net.
16:14 of 2nd period - Slapshot by Mason Marchment.
16:14 of 2nd period - Stopped by Vitek Vanecek with a rebound.
16:29 of 2nd period - Snap shot by Nazem Kadri.
16:29 of 2nd period - Shot Hit the Post.
16:37 of 2nd period - Snap shot by Nazem Kadri.
16:37 of 2nd period - Shot Misses the Net.
16:39 of 2nd period - Wrist shot by Calle Jarnkrok.
16:39 of 2nd period - Stopped by Vitek Vanecek without a rebound.
16:40 of 2nd period - Steven Stamkos wins face-off versus John Tavares in Detroit Red Wings zone.
16:50 of 2nd period - Snap shot by Patrick Kane.
16:50 of 2nd period - Stopped by Linus Ullmark without a rebound.
16:51 of 2nd period - Steven Stamkos wins face-off versus John Tavares in Anaheim Ducks zone.
16:56 of 2nd period - Slapshot by Patrick Kane.
16:56 of 2nd period - Goal by Patrick Kane - Anaheim Ducks : 3 - Detroit Red Wings : 3.
16:57 of 2nd period - Steven Stamkos wins face-off versus William Nylander in neutral zone.
17:14 of 2nd period - Mark Scheifele is hit by Patrick Kane and loses puck.
17:33 of 2nd period - Snap shot by Carter Verhaeghe.
17:33 of 2nd period - Stopped by Linus Ullmark with a rebound.
18:13 of 2nd period - Josh Bailey is hit by Max Domi and loses puck.
18:41 of 2nd period - Slapshot by Alexander Barabanov.
18:41 of 2nd period - Stopped by Linus Ullmark without a rebound.
18:42 of 2nd period - Chandler Stephenson wins face-off versus Jared McCann in Anaheim Ducks zone.
18:49 of 2nd period - Slapshot by Morgan Rielly.
18:49 of 2nd period - Stopped by Vitek Vanecek with a rebound.
18:55 of 2nd period - Daniel Sprong is hit by Max Domi and loses puck.
19:27 of 2nd period - Wrist shot by Daniel Sprong.
19:27 of 2nd period - Stopped by Linus Ullmark without a rebound.
19:28 of 2nd period - Steven Stamkos wins face-off versus J.T. Compher in Anaheim Ducks zone.
Goals for this period are 1 for Anaheim Ducks vs 2 for Detroit Red Wings.
Shots for this period are 14 for Anaheim Ducks vs 16 for Detroit Red Wings.
3rd period
0:01 of 3rd period - Steven Stamkos wins face-off versus John Tavares in neutral zone.
0:04 of 3rd period - William Nylander is hit by MacKenzie Weegar and loses puck.
0:17 of 3rd period - Backhand shot by Steven Stamkos.
0:17 of 3rd period - Shot Misses the Net.
1:03 of 3rd period - Slapshot by Jonathan Huberdeau.
1:03 of 3rd period - Shot Blocked by Joshua Morrissey.
1:05 of 3rd period - Slapshot by Shayne Gostisbehere.
1:05 of 3rd period - Shot Misses the Net.
2:01 of 3rd period - Slapshot by Mark Scheifele.
2:01 of 3rd period - Shot Misses the Net.
2:03 of 3rd period - Slapshot by Josh Manson.
2:03 of 3rd period - Stopped by Vitek Vanecek without a rebound.
2:04 of 3rd period - Nazem Kadri wins face-off versus Mika Zibanejad in Detroit Red Wings zone.
2:05 of 3rd period - Snap shot by Mason Marchment.
2:05 of 3rd period - Deflect By Kevin Shattenkirk.
2:05 of 3rd period - Stopped by Vitek Vanecek without a rebound.
2:06 of 3rd period - Mika Zibanejad wins face-off versus Nazem Kadri in Detroit Red Wings zone.
2:11 of 3rd period - Slapshot by Mason Marchment.
2:11 of 3rd period - Shot Misses the Net.
2:45 of 3rd period - Wrist shot by Anthony Cirelli.
2:45 of 3rd period - Stopped by Linus Ullmark with a rebound.
3:07 of 3rd period - Snap shot by Arthur Kaliyev.
3:07 of 3rd period - Shot Blocked by Ivan Provorov.
3:34 of 3rd period - Icing by John Tavares.
3:35 of 3rd period - Mika Zibanejad wins face-off versus Chandler Stephenson in Anaheim Ducks zone.
3:52 of 3rd period - Wrist shot by Matthew Boldy.
3:52 of 3rd period - Stopped by Linus Ullmark with a rebound.
4:30 of 3rd period - Slapshot by Teuvo Teravainen.
4:30 of 3rd period - Stopped by Vitek Vanecek with a rebound.
4:32 of 3rd period - Backhand shot by J.T. Compher.
4:32 of 3rd period - Goal by J.T. Compher - Anaheim Ducks : 4 - Detroit Red Wings : 3.
4:33 of 3rd period - John Tavares wins face-off versus Steven Stamkos in neutral zone.
4:35 of 3rd period - Off-side.
4:36 of 3rd period - John Tavares wins face-off versus Steven Stamkos in neutral zone.
4:39 of 3rd period - Wrist shot by William Nylander.
4:39 of 3rd period - Deflect By John Tavares.
4:39 of 3rd period - Stopped by Vitek Vanecek without a rebound.
4:40 of 3rd period - John Tavares wins face-off versus Alexander Barabanov in Detroit Red Wings zone.
5:29 of 3rd period - Snap shot by Steven Stamkos.
5:29 of 3rd period - Shot Misses the Net.
5:43 of 3rd period - Slapshot by Patrick Kane.
5:43 of 3rd period - Stopped by Linus Ullmark with a rebound.
5:45 of 3rd period - Snap shot by Alexander Barabanov.
5:45 of 3rd period - Shot Hit the Post.
5:50 of 3rd period - Minor Penalty to Mark Scheifele for Hooking.
5:51 of 3rd period - Chandler Stephenson wins face-off versus Matthew Boldy in Anaheim Ducks zone.
7:46 of 3rd period - Icing by Patrick Kane.
7:47 of 3rd period - J.T. Compher wins face-off versus Steven Stamkos in Detroit Red Wings zone.
7:50 of 3rd period - Penalty to Mark Scheifele is over, Mark Scheifele is back on ice.
8:00 of 3rd period - Wrist shot by Jared McCann.
8:00 of 3rd period - Shot Blocked by Morgan Rielly.
8:50 of 3rd period - Wrist shot by Calle Jarnkrok.
8:50 of 3rd period - Stopped by Vitek Vanecek without a rebound.
8:51 of 3rd period - Chandler Stephenson wins face-off versus Josh Bailey in Detroit Red Wings zone.
9:06 of 3rd period - Wrist shot by Max Domi.
9:06 of 3rd period - Stopped by Vitek Vanecek with a rebound.
9:18 of 3rd period - Mark Scheifele is hit by Alexander Barabanov and loses puck.
9:57 of 3rd period - Snap shot by Carter Verhaeghe.
9:57 of 3rd period - Stopped by Linus Ullmark without a rebound.
9:58 of 3rd period - Mika Zibanejad wins face-off versus Nazem Kadri in Anaheim Ducks zone.
9:59 of 3rd period - Wrist shot by Carter Verhaeghe.
9:59 of 3rd period - Stopped by Linus Ullmark without a rebound.
10:00 of 3rd period - Alex Killorn wins face-off versus Mika Zibanejad in Anaheim Ducks zone.
10:05 of 3rd period - Slapshot by Morgan Rielly.
10:05 of 3rd period - Shot Misses the Net.
10:27 of 3rd period - Daniel Sprong is hit by John Tavares and loses puck.
10:54 of 3rd period - Josh Bailey is hit by Brayden Schenn and loses puck.
11:13 of 3rd period - Patrick Kane is hit by Esa Lindell and loses puck.
11:46 of 3rd period - Wrist shot by Max Domi.
11:46 of 3rd period - Deflect By Alex Killorn.
11:46 of 3rd period - Shot Misses the Net.
11:46 of 3rd period - Puck is out of play.
11:47 of 3rd period - Anthony Cirelli wins face-off versus Mark Scheifele in Detroit Red Wings zone.
11:56 of 3rd period - Daniel Sprong is hit by Mark Scheifele and loses puck.
12:07 of 3rd period - Minor Penalty to Zach Bogosian for Hooking.
12:08 of 3rd period - Anthony Cirelli wins face-off versus John Tavares in Detroit Red Wings zone.
12:45 of 3rd period - Slapshot by Mika Zibanejad.
12:45 of 3rd period - Stopped by Linus Ullmark without a rebound.
12:46 of 3rd period - Chandler Stephenson wins face-off versus Mika Zibanejad in Anaheim Ducks zone.
13:11 of 3rd period - Shayne Gostisbehere is hit by William Nylander and loses puck.
14:07 of 3rd period - Penalty to Zach Bogosian is over, Zach Bogosian is back on ice.
14:41 of 3rd period - Snap shot by Nazem Kadri.
14:41 of 3rd period - Stopped by Vitek Vanecek with a rebound.
14:51 of 3rd period - Backhand shot by Calle Jarnkrok.
14:51 of 3rd period - Shot Misses the Net.
16:12 of 3rd period - Snap shot by Jared McCann.
16:12 of 3rd period - Shot Misses the Net.
16:14 of 3rd period - Slapshot by Jordie Benn.
16:14 of 3rd period - Shot Misses the Net.
16:16 of 3rd period - Snap shot by Jordie Benn.
16:16 of 3rd period - Stopped by Linus Ullmark with a rebound.
16:18 of 3rd period - Slapshot by Jordie Benn.
16:18 of 3rd period - Shot Misses the Net.
16:20 of 3rd period - Slapshot by Jordie Benn.
16:20 of 3rd period - Stopped by Linus Ullmark with a rebound.
16:26 of 3rd period - Minor Penalty to Josh Manson for Roughing.
16:27 of 3rd period - Chandler Stephenson wins face-off versus Mika Zibanejad in Anaheim Ducks zone.
16:54 of 3rd period - Arthur Kaliyev is hit by J.T. Compher and loses puck.
18:26 of 3rd period - Penalty to Josh Manson is over, Josh Manson is back on ice.
18:39 of 3rd period - Josh Bailey is hit by John Tavares and loses puck.
18:44 of 3rd period - Slapshot by William Nylander.
18:44 of 3rd period - Shot Misses the Net.
18:46 of 3rd period - Slapshot by William Nylander.
18:46 of 3rd period - Stopped by Vitek Vanecek without a rebound.
18:47 of 3rd period - David Quinn call a timeout for Detroit Red Wings.
18:47 of 3rd period - Chandler Stephenson wins face-off versus Mika Zibanejad in Detroit Red Wings zone.
18:56 of 3rd period - Detroit Red Wings, Vitek Vanecek is pulled from the net.
19:08 of 3rd period - Snap shot by Mika Zibanejad.
19:08 of 3rd period - Deflect By Matthew Boldy.
19:08 of 3rd period - Shot Misses the Net.
19:08 of 3rd period - Puck is out of play.
19:09 of 3rd period - Mika Zibanejad wins face-off versus Chandler Stephenson in Anaheim Ducks zone.
19:38 of 3rd period - Backhand shot by Alex Killorn.
19:38 of 3rd period - Goal by Alex Killorn - Anaheim Ducks : 5 - Detroit Red Wings : 3.
19:38 of 3rd period - Vitek Vanecek from Detroit Red Wings was sent back in the game.
19:39 of 3rd period - Chandler Stephenson wins face-off versus Anthony Cirelli in neutral zone.
Goals for this period are 2 for Anaheim Ducks vs 0 for Detroit Red Wings.
Shots for this period are 10 for Anaheim Ducks vs 8 for Detroit Red Wings.
Back to the Top